 Dungeon Crawl Stone Soup version 0.20.1-1-g8b1a95d (console) character file.

2755 hilaritas the Twirler (level 9, -11/59 HPs)
             Began as a Gargoyle Gladiator on Dec 17, 2017.
             Was a Follower of the Shining One.
             Killed from afar by a gnoll (14 damage)
             ... with a wand of acid (?/15)
             ... on level 7 of the Dungeon.
             The game lasted 00:18:02 (6251 turns).

hilaritas the Twirler (Gargoyle Gladiator)          Turns: 6251, Time: 00:18:03

Health: -11/59     AC: 22    Str: 20    XL:     9   Next: 69%
Magic:  13/13      EV: 13    Int: 10    God:    the Shining One [*.....]
Gold:   111        SH:  0    Dex: 14    Spells: 8/8 levels left

rFire    . . .     SeeInvis .   u - +2 quarterstaff (protect)
rCold    . . .     Gourm    .   (shield currently unavailable)
rNeg     + . .     Faith    .   o - +0 chain mail
rPois    ∞         Spirit   .   c - +0 helmet
rElec    +         Reflect  .   n - +1 cloak
rCorr    .         Harm     .   i - +2 pair of gloves {Dex+3}
MR       .....                  (no boots)
Stlth    ..........             (no amulet)
Regen    0.2/turn               p - +3 ring of evasion
MPRegen  0.2/turn               D - +2 ring of evasion

@: corroded, protection aura, glowing
A: negative energy resistance 1, electricity resistance, unbreathing,
petrification resistance, rot immunity, AC +5
a: Renounce Religion


You were on level 7 of the Dungeon.
You worshipped the Shining One.
The Shining One was aware of your devotion.
You were hungry.

You visited 2 branches of the dungeon, and saw 8 of its levels.

You collected 336 gold pieces.
You spent 210 gold pieces at shops.
You donated 15 gold pieces to Zin.

Inventory:

Hand Weapons
 u - a +2 quarterstaff of protection (weapon)
 C - a +0 whip of flaming
Missiles
 d - 2 throwing nets
 k - 5 javelins (quivered)
Armour
 c - a +0 helmet (worn)
 i - a +2 pair of gloves of dexterity (worn)
 n - a +1 cloak (worn)
 o - a +0 chain mail (worn)
Jewellery
 e - an uncursed amulet of magic regeneration
 p - a +3 ring of evasion (left hand)
 D - a +2 ring of evasion (right hand)
Wands
 s - a wand of iceblast (7/15)
 w - a wand of digging (18/24)
 B - a wand of polymorph (1/24)
 I - a wand of lightning (5/15)
Scrolls
 b - 2 scrolls of enchant armour
 l - 5 scrolls of identify
 y - 3 scrolls of fog
Potions
 g - 7 potions of curing
 h - 2 potions of lignification {unknown}
 r - 3 potions of mutation {unknown}
 t - 3 potions of might {unknown}
 v - a potion of degeneration {unknown}
 x - a potion of invisibility {unknown}
 z - a potion of cancellation {unknown}
 E - a potion of heal wounds
 F - 2 potions of berserk rage
Comestibles
 f - 6 bread rations
 j - 2 royal jellies
 q - a meat ration
 A - 2 fruits
 G - 2 chunks of flesh


   Skills:
 + Level 7.9 Fighting
 * Level 5.7(7.6) Maces & Flails
 - Level 7.9(8.7) Staves
 - Level 1.7 Throwing
 - Level 2.4 Dodging
 * Level 6.1 Invocations


You had 8 spell levels left.
You didn't know any spells.

Dungeon Overview and Level Annotations

Branches:
Dungeon (7/15)             Temple (1/1) D:4

Altars:
Dithmenos
Elyvilon
Fedhas
Nemelex Xobeh
Okawaru
Qazlal
Sif Muna
Trog
Uskayaw
Vehumet
Xom
Zin
The Shining One

Shops:
D:6 !


Innate Abilities, Weirdness & Mutations

You are resistant to torment.
Your stone body is resilient. (AC +5)
You are immune to poison.
You resist negative energy. (rN+)
You are resistant to electric shocks. (rElec)
You can survive without breathing.
You are immune to petrification.
You are immune to rotting.


Message History

The gnoll zaps a wand.
The bolt of acid hits the gnoll.
The gnoll is splashed with acid.
The acid corrodes the gnoll!
The bolt of acid misses you.
It is a wand of acid (?/15).
You thump the gnoll!
You kill the gnoll!
The gnoll zaps a wand.
The bolt of acid misses you.
Items here: )) [[ †† The gnoll closely misses you.
You hit the gnoll.
The gnoll is moderately wounded.
The gnoll zaps a wand.
The bolt of acid hits you! The acid corrodes you!
You are splashed with acid!
The acid burns!
* * * LOW HITPOINT WARNING * * *
You hit the gnoll.
The gnoll is almost dead.
The gnoll zaps a wand.
The bolt of acid misses you.
Your chain mail prevents you from hitting the gnoll.
The gnoll is almost dead.
The gnoll zaps a wand.
The bolt of acid hits you!
You die...

..####. .....# ....... #....#
%...... #....# ....... #....#
......g##....# ......gg.....#
..########.o.# # #.o.# ##..
#...##.... #######........
+...)@go.......
#....#######........
#....#######.#....## ...
+....+............#####...
#....###.....#.#..........
#....# #.....#.'...........
#....###.....#.#........... (.
#....#....................
..#####....#.#####.#...........#
.)#............................#
..#.########.#...#.#..#÷#...#..#


You could see a gnoll and an orc.

Vanquished Creatures
  Pikel (D:5)
  The ghost of xight the Magician, an amateur DEFE (D:4)
  Eustachio (D:5)
  Menkaure (D:5)
  2 orc warriors (D:7)
  A sky beast (D:5)
  An ice beast (D:6)
  A slave (D:5)
  3 ogres
  A phantom (D:4)
  2 centaurs
  A scorpion (D:5)
  A crimson imp (D:7)
  2 jellies
  A bullfrog zombie (D:6)
  4 hounds
  Crazy Yiuf (D:2)
  3 orc wizards (D:7)
  A gnoll shaman (D:6)
  2 iguanas (D:4)
  8 worker ants
  A hound skeleton (D:4)
  A howler monkey skeleton (D:4)
  2 worker ant zombies
  7 gnolls
  12 adders
  A shadow imp (D:7)
  2 adder skeletons
  3 worms
  A dart slug (D:1)
  4 leopard geckos
  9 orcs
  2 ball pythons
  5 bats
  7 giant cockroaches
  9 goblins
  8 hobgoblins
  10 jackals
  12 kobolds
  3 quokkas
  4 frilled lizards
  A leopard gecko skeleton (D:4)
  5 rats
  A fungus (D:2)
149 creatures vanquished.

Notes
Turn   | Place    | Note
-------+----------+-------------------------------------------
     0 | D:1      | hilaritas the Gargoyle Gladiator began the quest for the Orb.
     0 | D:1      | Reached XP level 1. HP: 12/12 MP: 1/1
    92 | D:1      | Reached XP level 2. HP: 13/17 MP: 2/2
   408 | D:1      | Reached XP level 3. HP: 18/22 MP: 3/3
  1329 | D:2      | Reached XP level 4. HP: 26/27 MP: 4/4
  1548 | D:2      | Reached skill level 5 in Staves
  1927 | D:2      | Found a white marble altar of Elyvilon.
  1927 | D:2      | Found a sparkling altar of Nemelex Xobeh.
  2199 | D:2      | Found a runed door.
  2203 | D:2      | Noticed Crazy Yiuf
  2211 | D:2      | Killed Crazy Yiuf
  2211 | D:2      | Reached XP level 5. HP: 31/31 MP: 5/5
  2342 | D:3      | Found a shimmering altar of Xom.
  3098 | D:4      | Noticed an ogre
  3104 | D:4      | Killed an ogre
  3104 | D:4      | Reached XP level 6. HP: 36/36 MP: 6/6
  3126 | D:4      | Found Zin's Purification Station.
  3128 | D:4      | Found a glowing silver altar of Zin.
  3130 | D:4      | Became a worshipper of Zin the Law-Giver
  3130 | D:4      | Reached * piety under Zin
  3134 | D:4      | Bought a potion of curing for 90 gold pieces
  3339 | D:4      | Noticed a phantom
  3378 | D:4      | Killed a phantom
  3378 | D:4      | Reached skill level 1 in Invocations
  3378 | D:4      | Reached XP level 7. HP: 33/41 MP: 7/7
  3389 | D:4      | Noticed xight's ghost (amateur DEFE)
  3400 | D:4      | Killed xight's ghost
  3556 | D:4      | Found a staircase to the Ecumenical Temple.
  3811 | Temple   | Entered the Ecumenical Temple
  3824 | Temple   | Fell from the grace of Zin
  3824 | Temple   | Became a worshipper of the Shining One
  3876 | D:4      | Reached skill level 1 in Maces & Flails
  4038 | D:4      | Found a hide-covered altar of Uskayaw.
  4103 | D:5      | Entered Level 5 of the Dungeon
  4103 | D:5      | Found a bloodstained altar of Trog.
  4155 | D:5      | Noticed Menkaure
  4162 | D:5      | Killed Menkaure
  4162 | D:5      | Reached XP level 8. HP: 34/48 MP: 8/10
  4421 | D:5      | Reached skill level 5 in Fighting
  4735 | D:5      | D5 ROCK WALLS
  4983 | D:5      | Noticed Eustachio
  4990 | D:5      | Killed Eustachio
  5088 | D:5      | Reached * piety under the Shining One
  5160 | D:5      | Noticed Pikel
  5178 | D:5      | Killed Pikel
  5178 | D:5      | Reached skill level 5 in Invocations
  5178 | D:5      | Reached XP level 9. HP: 54/56 MP: 11/13
  5454 | D:6      | Found Boghiurgh's Distillery.
  5462 | D:6      | Bought a potion of heal wounds for 60 gold pieces
  5462 | D:6      | Bought a potion of berserk rage for 60 gold pieces
  5968 | D:7      | Reached skill level 5 in Maces & Flails
  6251 | D:7      | Killed from afar by a gnoll

Skill      XL: |  1  2  3  4  5  6  7  8  9 |
---------------+----------------------------+-----
Staves         | 4 5 6 7 |  7.9
Fighting       | 3 4 6 7 |  7.9
Invocations    | 1 2 5 6 |  6.1
Maces & Flails | 1 4 5 |  5.7
Throwing       | |  1.7
Dodging        | |  2.4

Action                   |  1- 3 |  4- 6 |  7- 9 || total
-------------------------+-------+-------+-------++-------
Melee: Quarterstaff      |   123 |   201 |   193 ||   517
       Whip              |       |       |   154 ||   154
Throw: Throwing net      |       |     2 |       ||     2
       Javelin           |       |     1 |     9 ||    10
Evoke: Wand              |       |       |     1 ||     1
  Use: Scroll            |       |     8 |     5 ||    13
       Potion            |       |       |     1 ||     1
 Stab: Held in net/web   |       |     2 |       ||     2
  Eat: Chunk             |     1 |     7 |     9 ||    17
Armor: Leather armour    |    79 |     7 |       ||    86
       Scale mail        |       |    69 |    36 ||   105
       Chain mail        |       |       |   103 ||   103
Dodge: Dodged            |   101 |   100 |   156 ||   357
